 Dungeon Crawl Stone Soup version 0.31.0-11-ge490571c62 (webtiles) character file.

Game seed: 12518604973209149399

46 qw the Ducker (level 3, -8/18 HPs)
             Began as a Spriggan Hunter on Feb 4, 2024.
             Mangled by a gnoll
             ... wielding a +0 flail
              (10 damage)
             ... on level 2 of the Dungeon.
             The game lasted 00:00:04 (924 turns).

qw the Ducker (Spriggan Hunter)                      Turns: 924, Time: 00:00:04

Health: -8/18      AC:  2    Str:  7    XL:     3   Next: 44%
Magic:  4/4        EV: 22    Int: 10    God:
Gold:   51         SH:  0    Dex: 26    Spells: 2/2 levels left

rFire   . . .        a - +1 shortbow
rCold   . . .        (shield currently unavailable)
rNeg    . . .        c - +0 robe
rPois   .            (helmet restricted)
rElec   .            (no cloak)
rCorr   .            (gloves unavailable)
SInv    +            (boots unavailable)
Will    .....        (no amulet)
Stlth   ++           d - +6 ring of dexterity
HPRegen 0.23/turn    (no ring)
MPRegen 0.09/turn

%: no passive effects
@: very quick
A: very small, no large weapons, unfitting armour, see invisible, speed 3
a: no special abilities


You were on level 2 of the Dungeon.
You visited 1 branch of the dungeon, and saw 2 of its levels.

You collected 51 gold pieces.


Innate Abilities, Weirdness & Mutations

You are very small and have problems with some larger weapons.
You are too small for most types of armour.
You have supernaturally acute eyesight. (SInv)
You cover ground extremely quickly. (Speed+++)


   Skills:
 - Level 1.5 Fighting
 + Level 4.1 Ranged Weapons
 - Level 5.1 Dodging
 - Level 1.5 Stealth


You had 2 spell levels left.
You didn't know any spells.
Your spell library was empty.

Inventory:

Hand Weapons
 a - a +1 shortbow (weapon)
Armour
 c - a +0 robe (worn)
Jewellery
 d - a +6 ring of dexterity (left hand)

Dungeon Overview and Level Annotations

Branches:
Dungeon (2/15)

Altars:


Message History

You shoot an arrow.
The arrow barely misses the ribbon worm.
You shoot an arrow.
The arrow barely misses the ribbon worm.
A gnoll comes into view. It is wielding a +0 flail.
Enter note: You shoot an arrow.
The gnoll shouts!
The arrow hits the ribbon worm but does no damage.
The ribbon worm is heavily wounded.
You shoot an arrow. The arrow hits the ribbon worm!
The ribbon worm is severely wounded.
The ribbon worm expels a string of sticky webbing.
The stream of webbing hits you but does no damage.
You are caught in a web!
The web tears apart.
The ribbon worm barely misses you.
You shoot an arrow. The arrow hits the ribbon worm!
You kill the ribbon worm!
The gnoll closely misses you.
You shoot an arrow. The arrow hits the gnoll!
The gnoll is severely wounded.
The gnoll misses you. The gnoll barely misses you.
You shoot an arrow. The arrow hits the gnoll.
The gnoll is almost dead.
The gnoll hits you from afar with a +1 halberd of freezing!
Ouch! That really hurt!
The gnoll freezes you.
An endoplasm comes into view.
You shoot an arrow. The endoplasm quivers.
The arrow hits the gnoll!
You kill the gnoll!
The gnoll misses you. x2
Your Dodging skill increases to level 5!
You shoot an arrow.
The arrow hits the gnoll but does no damage.
The gnoll closely misses you. The gnoll hits you with a +0 flail!
Ouch! That really hurt!
You die...

...# #.#.##.##.##
#..# #.##.......# #
#(.# #.##....##.#
#.#..# #.##.#.###..
####.#..####.##.#.#
###
..................#
###.##).##.#.##.###
#...#..##.#.##.#
#.g@)##.#....#
#...#..##.#.....
.......g.##.#.#.#.
###
#######.###.#.#.#.#
#.. #[# #.#.#.#.#
#.# #.# #.#.# # #.#
..# #.# ..# #.# #.#


You could see 2 gnolls.

Vanquished Creatures
  A gnoll (D:2)
  An adder (D:2)
  A ribbon worm (D:2)
  An endoplasm (D:2)
  2 goblins
  2 hobgoblins (D:1)
  4 jackals (D:1)
  5 kobolds
  2 ball pythons (D:1)
  3 bats
  A rat (D:1)
23 creatures vanquished.

Notes
Turn   | Place    | Note
-------+----------+-------------------------------------------
     0 | D:1      | qw the Spriggan Hunter began the quest for the Orb.
     0 | D:1      | Reached XP level 1. HP: 10/10 MP: 2/2
     0 | D:1      | 0 ||| qw: Version: 0.3-a-160-g6735b56
     0 | D:1      | 0 ||| qw: Game counter: 5244
     0 | D:1      | 0 ||| qw: Melee chars always use a shield: true
     0 | D:1      | 0 ||| qw: God list: Okawaru
     0 | D:1      | 0 ||| qw: Allow faded altars: false
     0 | D:1      | 0 ||| qw: Do Orc after clearing Dungeon:15 true
     0 | D:1      | 0 ||| qw: Do second Lair branch before Depths: true
     0 | D:1      | 0 ||| qw: Lair rune preference: random
     0 | D:1      | 0 ||| qw: Goals: Normal
     0 | D:1      | 0 ||| PLANNING D:1-11
    75 | D:1      | Reached skill level 3 in Dodging
   292 | D:1      | Reached XP level 2. HP: 11/14 MP: 3/3
   315 | D:1      | Found a faded altar of an unknown god.
   432 | D:1      | Reached skill level 4 in Dodging
   689 | D:1      | 689 ||| UPGRADING to +6 ring of dexterity.
   690 | D:1      | 690 ||| READING scroll labelled MOQYGG INIYQYI.
   691 | D:1      | 691 ||| READING 2 scrolls labelled ZUDDIRH KEELU.
   692 | D:1      | 692 ||| READING scroll labelled YSCHOADD HAHEEN.
   693 | D:1      | 693 ||| READING scroll labelled YQYSHR JONT.
   693 | D:1      | 693 ||| ENCHANTING +0 shortbow.
   694 | D:1      | 694 ||| DROPPING scroll of butterflies.
   695 | D:1      | 695 ||| DROPPING scroll of amnesia.
   886 | D:2      | Reached XP level 3. HP: 15/18 MP: 4/4
   922 | D:2      | HP: 1/18 [gnoll/+1 halberd of freezing (5)]
   924 | D:2      | Reached skill level 5 in Dodging
   924 | D:2      | Mangled by a gnoll

Levels and vault maps discovered:
D:1:      nicolae_arrival_memento_mori, layout_loops_corners,
          shapermc_ecumenical_altar_mp_urbaneastern, minmay_pentomino_w2
D:2:      layout_loops_ring

Skill      XL: |  1  2  3 |
---------------+----------+-----
Dodging        | 3 4 5 |  5.1
Fighting       | |  1.5
Ranged Weapons | |  4.1
Stealth        | |  1.5

Action                     || total
---------------------------++-------
   Fire: Shortbow          ||    77
    Use: Scroll            ||     4
 Armour: Robe              ||    12
  Dodge: Dodged            ||    63

Table legend:
 A = Non-vault XP
 B = Vault XP
 C = Vault XP percentage of total XP
 D = Non-vault monster count
 E = Vault monster count
 F = Vault count percentage of total count
                 A         B        C        D         E       F
            +---------+---------+-------+---------+---------+-------
      Total |      66 |       0 |   0.0 |      23 |       0 |   0.0
            +---------+---------+-------+---------+---------+-------
        D:1 |      24 |       0 |   0.0 |      15 |       0 |   0.0
        D:2 |      42 |       0 |   0.0 |       8 |       0 |   0.0
            +---------+---------+-------+---------+---------+-------
